 Dungeon Crawl Stone Soup version 0.30.1-4-g462c640d31 (webtiles) character file.

Game seed: 16782832920527119765

93 Bobit the Cutter (level 4, -10/32 HPs)
             Began as a Gnoll Wanderer on Aug 19, 2023.
             Was an Initiate of Makhleb.
             Mangled by a sleepcap (21 damage)
             ... on level 3 of the Dungeon on Aug 20, 2023.
             The game lasted 00:05:27 (2195 turns).

Bobit the Cutter (Gnoll Wanderer)                   Turns: 2195, Time: 00:05:28

Health: -10/32     AC:  4    Str: 10    XL:     4   Next: 62%
Magic:  8/8        EV:  2    Int: 13    God:    Makhleb [......]
Gold:   100        SH:  0    Dex: 13    Spells: 4/9 levels left

rFire   . . .        a - +0 short sword
rCold   . . .        (no shield)
rNeg    . . .        d - +0 robe
rPois   .            b - +0 helmet
rElec   .            r - +0 cloak
rCorr   .            (no gloves)
SInv    .            (no boots)
Will    .....        (no amulet)
Stlth   ++           (no ring)
HPRegen 0.25/turn    (no ring)
MPRegen 0.11/turn

%: no passive effects
@: sleeping
A: fangs 1, strong nose, distributed training
a: Renounce Religion


You were on level 3 of the Dungeon.
You worshipped Makhleb.
Makhleb was noncommittal.
You visited 1 branch of the dungeon, and saw 3 of its levels.

You collected 100 gold pieces.

Inventory:

Hand Weapons
 a - a +0 short sword (weapon)
Armour
 b - a +0 helmet (worn)
 d - a +0 robe (worn)
 r - a +0 cloak (worn)
Jewellery
 v - a ring of positive energy
Scrolls
 e - 2 scrolls of blinking {unknown}
 f - 3 scrolls of teleportation {unknown}
 g - 4 scrolls of identify {unknown}
 h - a scroll of amnesia {unknown}
 j - a scroll of brand weapon {unknown}
 m - a scroll of enchant armour {unknown}
 q - a scroll of fog {unknown}
 t - a scroll of vulnerability {unknown}
Potions
 c - a potion of berserk rage
 i - 2 potions of mutation {unknown}
 k - a potion of flight {unknown}
 l - a potion of curing {unknown}
 n - a potion of heal wounds {unknown}
 o - a potion of haste {unknown}
 p - a potion of ambrosia {unknown}
 s - a potion of magic {unknown}
 u - a potion of brilliance {unknown}


   Skills:
 + Level 1.2 Fighting
 + Level 6.6 Short Blades
 + Level 1.2 Long Blades
 + Level 1.2 Axes
 + Level 1.2 Maces & Flails
 + Level 1.2 Polearms
 + Level 1.2 Staves
 + Level 1.2 Ranged Weapons
 + Level 1.2 Throwing
 + Level 1.2 Armour
 + Level 4.7 Dodging
 + Level 1.2 Stealth
 + Level 1.2 Shields
 + Level 1.2 Unarmed Combat
 + Level 3.0 Spellcasting
 + Level 1.0 Conjurations
 + Level 1.0 Hexes
 + Level 1.0 Summonings
 + Level 1.0 Necromancy
 + Level 1.0 Translocations
 + Level 1.0 Transmutations
 + Level 5.5 Fire Magic
 + Level 1.0 Ice Magic
 + Level 1.0 Air Magic
 + Level 1.0 Earth Magic
 + Level 1.0 Poison Magic
 + Level 1.3 Invocations
 + Level 2.8 Evocations


You had 4 spell levels left.
You knew the following spells:

 Your Spells              Type           Power      Damage    Failure   Level
a - Foxfire               Conj/Fire      40%        2x1d6     6%          1
b - Flame Wave            Conj/Fire      10%        2d6       52%         4

Your spell library contained the following spells:

 Spells                   Type           Power      Damage    Failure   Level
 Blink                    Tloc           8%         N/A       22%         2
 Lesser Beckoning         Tloc           8%         N/A       22%         2
 Momentum Strike          Conj/Tloc      8%         3d8       22%         2
 Sublimation of Blood     Necr           4%         N/A       22%         2
 Wereblood                Tmut           4%         N/A       22%         2
 Ignite Poison            Fire/Tmut/Pois 8%         N/A       24%         3
 Summon Hydra             Summ           2%         N/A       100%        7


Dungeon Overview and Level Annotations

Branches:
Dungeon (3/15)

Altars:
Makhleb

Annotations:
D:3 2 runed translucent doors, Bobit's ghost, weakling GnRe


Innate Abilities, Weirdness & Mutations

You have very sharp teeth.
Your uncanny sense of smell can sniff out nearby items.
Your experience applies equally to all skills.


Message History

A sleepcap is nearby!
A sleepcap is nearby!
You hit the sleepcap but do no damage. You hit the sleepcap but do no damage.
You punch the sleepcap.
You bite the sleepcap, but do no damage.
The sleepcap is lightly damaged.
The sleepcap releases spores at you.
You are engulfed in a cloud of soporific spores!
You fall asleep.
The sleepcap releases spores at you!
You wake up.
You are engulfed in a cloud of soporific spores!
You are unaffected.
You hit the sleepcap but do no damage.
The sleepcap is lightly damaged.
The sleepcap releases spores at you.
You hit the sleepcap.
The sleepcap is lightly damaged.
You hit the sleepcap but do no damage. You punch the sleepcap.
The sleepcap is moderately damaged.
The sleepcap barely misses you.
You hit the sleepcap but do no damage.
The sleepcap is moderately damaged.
The sleepcap releases spores at you.
You are too injured to fight recklessly!
You are too injured to fight recklessly!
You are too injured to fight recklessly!
You hit the sleepcap.
The sleepcap is moderately damaged.
You hit the sleepcap but do no damage.
You bite the sleepcap, but do no damage.
The sleepcap is moderately damaged.
The sleepcap releases spores at you but does no damage.
You hit the sleepcap but do no damage.
The sleepcap is moderately damaged.
The sleepcap releases spores at you.
You are engulfed in a cloud of soporific spores!
You fall asleep.
The sleepcap releases spores at you!!
Ouch! That really hurt!
You die...

+...#### #.#....#
...... ###....#
#####......
.##....####
#...#......
.##.......#
#!........
.###......#
#.......# .#
#......## #.......#
.#
#.......###.......#
.#
#..†.....##..@f...#
.#
#......#....###..##
.#
#...........†....#
.#
#######.#######.##
.# #.# .# #.# .#
#.# .# #.# .# #.#


You could see a sleepcap.

Vanquished Creatures
  5 adders
  3 worms
  6 endoplasms
  3 giant cockroaches
  3 goblins
  4 hobgoblins
  2 quokkas
  3 ball pythons
  3 bats
  A frilled lizard (D:3)
  5 kobolds
  3 rats
41 creatures vanquished.

Vanquished Creatures (others)
  16 foxfires (D:1)
16 creatures vanquished.

Grand Total: 57 creatures vanquished

Notes
Turn   | Place    | Note
-------+----------+-------------------------------------------
     0 | D:1      | Bobit the Gnoll Wanderer began the quest for the Orb.
     0 | D:1      | Bobit set off with the following items: a +0 short sword, a
                  | +0 helmet, a potion of berserk rage, a +0 robe; and the
                  | following spell memorised: Foxfire; and the following
                  | spells available to memorise: Ignite Poison, Flame Wave.
     0 | D:1      | Reached XP level 1. HP: 13/13 MP: 4/4
   292 | D:1      | Reached XP level 2. HP: 5/19 MP: 3/5
  1022 | D:2      | Reached XP level 3. HP: 23/25 MP: 7/7
  1212 | D:2      | Found a burning altar of Makhleb.
  1230 | D:2      | Reached skill level 1 in Invocations
  1234 | D:2      | Became a worshipper of Makhleb the Destroyer
  1317 | D:2      | Found a faded altar of an unknown god.
  1386 | D:2      | Reached skill level 1 in Fighting
  1386 | D:2      | Reached skill level 1 in Long Blades
  1386 | D:2      | Reached skill level 1 in Axes
  1386 | D:2      | Reached skill level 1 in Maces & Flails
  1386 | D:2      | Reached skill level 1 in Polearms
  1386 | D:2      | Reached skill level 1 in Staves
  1386 | D:2      | Reached skill level 1 in Ranged Weapons
  1386 | D:2      | Reached skill level 1 in Throwing
  1386 | D:2      | Reached skill level 1 in Armour
  1386 | D:2      | Reached skill level 1 in Stealth
  1386 | D:2      | Reached skill level 1 in Shields
  1386 | D:2      | Reached skill level 1 in Unarmed Combat
  1536 | D:2      | Reached XP level 4. HP: 12/32 MP: 8/8
  1837 | D:3      | Found a runed translucent door.
  1840 | D:3      | Noticed Bobit's ghost (weakling GnRe)
  1953 | D:3      | Reached skill level 1 in Conjurations
  1953 | D:3      | Reached skill level 1 in Hexes
  1953 | D:3      | Reached skill level 1 in Summonings
  1953 | D:3      | Reached skill level 1 in Necromancy
  1953 | D:3      | Reached skill level 1 in Translocations
  1953 | D:3      | Reached skill level 1 in Transmutations
  1953 | D:3      | Reached skill level 1 in Ice Magic
  1953 | D:3      | Reached skill level 1 in Air Magic
  1953 | D:3      | Reached skill level 1 in Earth Magic
  1953 | D:3      | Reached skill level 1 in Poison Magic
  1958 | D:3      | Learned a level 4 spell: Flame Wave
  2147 | D:3      | Found a runed translucent door.
  2195 | D:3      | Mangled by a sleepcap

Illustrated notes

Levels and vault maps discovered:
D:1:      psy_arrival_heroes, layout_loops_cross, feat_on_display
D:2:      layout_basic, hellmonk_ecumenical_altar_crossroads, basic_altar,
          chequers_hall_statues_y
D:3:      layout_basic, ebering_ghost_sewer_f,
          amcnicky_mini_rare_corridor_liquid

Skill      XL: |  1  2  3  4 |
---------------+-------------+-----
Invocations    | 1 |  1.3
Fighting       | 1 |  1.2
Long Blades    | 1 |  1.2
Axes           | 1 |  1.2
Maces & Flails | 1 |  1.2
Polearms       | 1 |  1.2
Staves         | 1 |  1.2
Ranged Weapons | 1 |  1.2
Throwing       | 1 |  1.2
Armour         | 1 |  1.2
Stealth        | 1 |  1.2
Shields        | 1 |  1.2
Unarmed Combat | 1 |  1.2
Spellcasting   | 3 |  3.0
Conjurations   | 1 |  1.0
Hexes          | 1 |  1.0
Summonings     | 1 |  1.0
Necromancy     | 1 |  1.0
Translocations | 1 |  1.0
Transmutations | 1 |  1.0
Ice Magic      | 1 |  1.0
Air Magic      | 1 |  1.0
Earth Magic    | 1 |  1.0
Poison Magic   | 1 |  1.0
Short Blades   | |  6.6
Dodging        | |  4.7
Fire Magic     | |  5.5
Evocations     | |  2.8

Action                     |  1- 3 |  4- 6 || total
---------------------------+-------+-------++-------
  Melee: Short sword       |   126 |    49 ||   175
         Bite              |    14 |     6 ||    20
         Punch             |     1 |     3 ||     4
   Cast: Foxfire           |    15 |       ||    15
         Flame Wave        |       |     1 ||     1
   Stab: Sleeping          |     2 |     2 ||     4
 Armour: Robe              |    20 |     8 ||    28
  Dodge: Dodged            |    67 |    19 ||    86
